 Dungeon Crawl Stone Soup version 0.29.1-12-g30fa7ad0bf (webtiles) character file.

Game seed: 8993397060808748207

315 xian the Shooter (level 6, -7/47 HPs)
             Began as a Formicid Hunter on Dec 18, 2022.
             Mangled by a black bear (9 damage)
             ... on level 3 of the Dungeon.
             The game lasted 00:06:16 (3153 turns).

xian the Shooter (Formicid Hunter)                  Turns: 3153, Time: 00:06:17

Health: -7/47      AC:  8    Str: 17    XL:     6   Next: 72%
Magic:  6/6        EV:  9    Int:  9    God:
Gold:   182        SH:  8    Dex: 17    Spells: 5/5 levels left

rFire   . . .      SeeInvis +   a - +0 shortbow
rCold   . . .      Faith    .   o - +0 kite shield
rNeg    . . .      Spirit   .   l - +0 scale mail
rPois   .          Reflect  .   (helmet unavailable)
rElec   .          Harm     .   (no cloak)
rCorr   .          Rampage  .   n - +1 pair of gloves
Will    .....                   (no boots)
Stlth   +.........              (no amulet)
HPRegen 0.15/turn               (no ring)
MPRegen 0.10/turn               (no ring)

@: no status effects
A: permanent stasis, dig shafts and tunnels, antennae 3, four strong arms
a: Dig, Shaft Self


You were on level 3 of the Dungeon.
You visited 1 branch of the dungeon, and saw 4 of its levels.

You collected 182 gold pieces.

Inventory:

Hand Weapons
 a - a +0 shortbow (weapon)
 d - a +0 dagger
Missiles
 f - 2 boomerangs
 m - 4 poisoned darts
Armour
 l - a +0 scale mail (worn)
 n - a +1 pair of gloves (worn)
 o - a +0 kite shield (worn)
Jewellery
 j - a ring of flight
Wands
 w - a wand of charming (11)
Scrolls
 b - 2 scrolls of immolation
 e - 2 scrolls of vulnerability {unknown}
 i - a scroll of teleportation {unknown}
 k - 5 scrolls of identify {unknown}
 q - a scroll of silence {unknown}
 t - a scroll of noise {unknown}
 x - a scroll of torment {unknown}
Potions
 c - a potion of lignification {unknown}
 g - 2 potions of magic {unknown}
 h - 3 potions of curing {unknown}
 p - a potion of ambrosia {unknown}
 r - a potion of berserk rage {unknown}
 s - 3 potions of heal wounds {unknown}
 u - a potion of degeneration {unknown}
 v - a potion of might {unknown}
 z - a potion of haste {unknown}
 A - a potion of resistance {unknown}


   Skills:
 + Level 3.2 Fighting
 + Level 6.5 Ranged Weapons
 + Level 1.8 Armour
 + Level 2.2 Dodging
 + Level 1.5 Stealth
 + Level 1.3 Shields


You had 5 spell levels left.
You didn't know any spells.
Your spell library was empty.

Dungeon Overview and Level Annotations

Branches:
Dungeon (4/15)
 Temple: D:4-7

Altars:
Gozag
Hepliaklqana
Trog
Yredelemnul


Innate Abilities, Weirdness & Mutations

You cannot be hasted, slowed, berserked, paralysed or teleported.
You can dig through walls and to a lower floor.
You have a pair of large antennae on your head. (SInv)
Your four strong arms can wield two-handed weapons with a shield.


Message History

The black bear barely misses you. The black bear closely misses you.
You shoot an arrow. The arrow hits the black bear.
The black bear is almost dead.
The black bear bites you. The black bear barely misses you.
The black bear claws you but does no damage.
The black bear barely misses you.
The black bear claws you but does no damage.
You block the black bear's attack. x2; The black bear completely misses you.
The black bear claws you.
Unknown command.
You shoot an arrow.
The arrow hits the black bear but does no damage.
The black bear is almost dead.
The black bear bites you! You block the black bear's attack.
The black bear barely misses you. The black bear closely misses you.
The black bear claws you.
The black bear claws you but does no damage.
You are too injured to fight recklessly!
You are too injured to fight recklessly!
You are too injured to fight recklessly!
Unknown command.
Fire: a) +0 shortbow
Press: ? - help, Q - select action, (/) - cycle Shift-Dir - straight line, f/p - black bear
Aim: a black bear (almost dead, berserk, 71% to hit)
You shoot an arrow. The arrow barely misses the black bear.
The black bear bites you but does no damage.
The black bear claws you but does no damage.
You block the black bear's attack. The black bear bites you!
* * * LOW HITPOINT WARNING * * *
The black bear claws you.
* * * LOW HITPOINT WARNING * * *
The black bear claws you.
* * * LOW HITPOINT WARNING * * *
Unknown command.
Fire: a) +0 shortbow
Press: ? - help, Q - select action, (/) - cycle Shift-Dir - straight line, f/p - black bear
Aim: a black bear (almost dead, berserk, 71% to hit)
You shoot an arrow. The arrow barely misses the black bear.
The black bear bites you!
You die...

#....................########
#.###########..##...........# #.#
#..##.##.######.# #.#
#..##.#..#....#.# #.#
#..##.#..#.#.##.# #.#
#..##.#.##.#.##.###
###.###########..##.#.##.#.##.)..
..............#h÷##.#.##.#.######
................@##.#......#...#
.##...........#..##.####.......#
#############.#..##.####.#.#.#.#
.................##..........####
###########......................
#.####.##<####..#######
#......................
#..###.##.)###..####### ###
#..###.....###.......#


You could see a black bear (berserk).

Vanquished Creatures
  A black bear (D:3)
  A necrophage (D:4)
  A jelly (D:4)
  A gnoll (D:3)
  6 adders
  3 dart slugs
  An orc (D:3)
  7 ball pythons
  6 endoplasms
  4 giant cockroaches
  6 goblins (D:2)
  4 hobgoblins (D:1)
  4 jackals (D:1)
  4 kobolds
  3 quokkas
  6 bats
  3 frilled lizards
  5 rats
66 creatures vanquished.

Notes
Turn   | Place    | Note
-------+----------+-------------------------------------------
     0 | D:1      | xian the Formicid Hunter began the quest for the Orb.
     0 | D:1      | Reached XP level 1. HP: 16/16 MP: 1/1
   139 | D:1      | Reached XP level 2. HP: 8/22 MP: 2/2
   642 | D:1      | Reached XP level 3. HP: 27/27 MP: 3/3
  1403 | D:2      | Reached skill level 5 in Ranged Weapons
  1450 | D:2      | Reached XP level 4. HP: 33/34 MP: 4/4
  1831 | D:3      | Reached skill level 1 in Armour
  2280 | D:3      | Reached XP level 5. HP: 39/39 MP: 5/5
  2479 | D:3      | Found a hazy altar of Hepliaklqana.
  2488 | D:3      | Found a basalt altar of Yredelemnul.
  2671 | D:4      | Found an opulent altar of Gozag.
  2700 | D:4      | Reached skill level 6 in Ranged Weapons
  2700 | D:4      | Reached XP level 6. HP: 37/46 MP: 6/6
  2813 | D:4      | Found a bloodstained altar of Trog.
  2813 | D:4      | Noticed a black bear
  2813 | D:4      | Noticed a black bear
  2852 | D:3      | Killed a black bear
  2853 | D:3      | Reached skill level 1 in Shields
  3152 | D:3      | HP: 2/47 [black bear (3)]
  3153 | D:3      | Mangled by a black bear

Illustrated notes

Levels and vault maps discovered:
D:1:      dpeg_arrival_connections, layout_basic
D:2:      layout_basic
D:3:      layout_basic, mainiacjoe_overflow_swirl, kennysheep_generic_room_12
D:4:      layout_rooms, trog_ov_bears_minmay,
          nicolae_gozag_cash_rules_everything_around_me,
          minmay_temple_entry_nine_rooms

Skill      XL: |  1  2  3  4  5  6 |
---------------+-------------------+-----
Ranged Weapons | 5 6 |  6.5
Armour         | 1 |  1.8
Dodging        | 2 |  2.2
Fighting       | 3 |  3.2
Shields        | 1 |  1.3
Stealth        | |  1.5

Action                   |  1- 3 |  4- 6 || total
-------------------------+-------+-------++-------
 Fire: Shortbow          |    79 |   126 ||   205
 Abil: Dig               |     3 |       ||     3
Armor: Leather armour    |     5 |       ||     5
       Scale mail        |     6 |    61 ||    67
Dodge: Dodged            |    36 |    53 ||    89
Block: Kite shield       |       |    47 ||    47
